 Dungeon Crawl Stone Soup version 0.31.0-32-g396128a36d (webtiles) character file.

Game seed: 5560006318226281367

22 Peloso the Shield-Bearer (level 2, -2/3 HPs)
             Began as a Minotaur Fighter on Mar 13, 2024.
             Frozen to death by an endoplasm (5 damage)
             ... on level 1 of the Dungeon.
             The game lasted 00:01:03 (524 turns).

Peloso the Shield-Bearer (Minotaur Fighter)          Turns: 524, Time: 00:01:03

Health: -2/3       AC:  2    Str: 25    XL:     2   Next: 68%
Magic:  1/1        EV:  9    Int:  5    God:
Gold:   22         SH:  0    Dex:  9    Spells: 1/1 levels left

rFire   . . .        a - melded +0 long sword
rCold   . . .        d - melded +0 buckler
rNeg    . . .        b - melded +0 scale mail
rPois   +            (helmet currently unavailable)
rElec   .            (cloak currently unavailable)
rCorr   .            (gloves currently unavailable)
SInv    .            (boots currently unavailable)
Will    .....        (no amulet)
Stlth   +            (no ring)
HPRegen 0.20/turn    (no ring)
MPRegen 0.07/turn

%: no passive effects
@: snake-form
A: constrict, reduced hp, large, (horns 2), (retaliatory headbutt)
a: Begin Untransformation


You were on level 1 of the Dungeon.
You were an enormous serpent.
You visited 1 branch of the dungeon, and saw 1 of its levels.

You collected 22 gold pieces.

Inventory:

Hand Weapons
 a - a +0 long sword (melded)
Armour
 b - a +0 scale mail (melded)
 d - a +0 buckler (melded)
Talismans
 c - a serpent talisman (active)
Scrolls
 e - a scroll of teleportation {unknown}
 f - a scroll of vulnerability {unknown}
Potions
 g - a potion of might
 h - a potion of curing {unknown}


   Skills:
 + Level 4.0 Fighting
 + Level 2.5 Long Blades
 + Level 4.0 Armour
 + Level 4.1 Shields


You had one spell level left.
You didn't know any spells.
Your spell library was empty.

Dungeon Overview and Level Annotations

Branches:
Dungeon (1/15)

Altars:


Innate Abilities, Weirdness & Mutations

You are an enormous serpent.
You have a powerful constriction melee attack.
Your maximum health is decreased, since you lack skill for your form.
Your armour is entirely melded.
You are incapable of wielding weapons or throwing items.
((You have a pair of horns on your head.))
((You reflexively headbutt those who attack you in melee.))


Message History

The endoplasm hits you but does no damage.
You block the endoplasm's attack.
Found a stone staircase leading down.
The endoplasm hits you but does no damage.
The endoplasm attacks as it pursues you!
The endoplasm hits you.
You slash the endoplasm!
You kill the endoplasm!
You drop a potion of might.
You start removing your armour.
You continue taking off your +0 buckler. x4
You finish taking off your +0 buckler.
You drop a +0 buckler.
You see here a serpent talisman.
c - a serpent talisman You see here a +0 buckler.
d - a +0 buckler You see here a potion of might.
g - a potion of might You start putting on your armour.
You continue putting on your +0 buckler. x4
You finish putting on your +0 buckler.
You begin transforming.
You continue transforming. x3
You turn into an enormous serpent.
Your +0 long sword melds into your body.
Your +0 buckler melds into your body.
Your +0 scale mail melds into your body.
You start waiting.
Done waiting.
Found 8 stones.
h - a sapphire potion An endoplasm comes into view.
There is a stone staircase leading down here.
The endoplasm quivers.
A frilled lizard comes into view.
A goblin comes into view. It is wielding a +0 dagger.
The goblin shouts!
The frilled lizard hisses angrily.
The endoplasm freezes you.
You are frozen.
Ouch! That really hurt!
You die...

##.. #... .. #..#
#######.# #..#
........# #..#
#........ #..#
####...(####
#####..####...>.......
#...........##..#.....
#.#.#..#######S.# ##.
#.#.#..# #..J.....g.
#.#.#..# #.#..#####.
#.#.#... .......
#.#.#....... .....
#.#.##########.##.#
#....## #.# l#
#(....#### #.# .#
##.......#


You could see an endoplasm, a goblin and a frilled lizard.

Vanquished Creatures
  A gnoll (D:1)
  An endoplasm (D:1)
  3 goblins (D:1)
  A hobgoblin (D:1)
  2 quokkas (D:1)
  A ball python (D:1)
  A bat (D:1)
  A frilled lizard (D:1)
  A rat (D:1)
12 creatures vanquished.

Notes
Turn   | Place    | Note
-------+----------+-------------------------------------------
     0 | D:1      | Peloso the Minotaur Fighter began the quest for the Orb.
     0 | D:1      | Reached XP level 1. HP: 19/19 MP: 0/0
   234 | D:1      | Reached XP level 2. HP: 3/27 MP: 1/1
   524 | D:1      | Frozen to death by an endoplasm

Illustrated notes

Levels and vault maps discovered:
D:1:      dpeg_arrival_arbitrary_c, layout_loops_ring, nrook_loot_triangle

Skill      XL: |  1 |
---------------+----+-----
Fighting       | 4 |  4.0
Armour         | 4 |  4.0
Shields        | 4 |  4.1
Long Blades    | |  2.5

Action                     || total
---------------------------++-------
  Melee: Long sword        ||    21
         Headbutt          ||     2
 Armour: Scale mail        ||    28
  Dodge: Dodged            ||    17
  Block: Buckler           ||     7
   Form: Serpent           ||     1
